 Dungeon Crawl Stone Soup version 0.21.1-1-g345015f (webtiles) character file.

27771 Flooderbenga the Reanimator (level 13, -10/147 HPs)
             Began as a Gnoll Necromancer on Apr 8, 2018.
             Was a High Priest of Cheibriados.
             Shot with an arrow by a salamander (14 damage)
             ... on level 4 of the Snake Pit on Apr 9, 2018.
             The game lasted 02:59:13 (4409 turns).

Flooderbenga the Reanimator (Gnoll Necromancer)     Turns: 4409, Time: 02:59:14

Health: -10/147    AC:  7    Str: 28    XL:     13   Next: 34%
Magic:  10/26      EV: 22    Int: 40    God:    Cheibriados [*****.]
Gold:   533        SH:  0    Dex: 27    Spells: 10/31 levels left

rFire    + + .     SeeInvis .   v - staff of energy
rCold    . . .     Gourm    .   (no shield)
rNeg     + . .     Faith    .   y - +2 leather armour {rF+}
rPois    .         Spirit   .   t - +2 helmet of Salvation {rElec rC- Int+6}
rElec    +         Reflect  .   M - scarf {rC+ rF+}
rCorr    .         Harm     .   (no gloves)
MR       .....                  (no boots)
Stlth    ..........             h - amulet of magic regeneration
HPRegen  1.34/turn              H - ring of positive energy
MPRegen  0.45/turn              (no ring)

@: berserking, regenerating, very slow
A: distributed training, fangs 1, talons 1, clever 1, deformed body, strong nose
a: Bend Time, Temporal Distortion, Slouch, Step From Time, Renounce Religion


You were on level 4 of the Snake Pit.
You worshipped Cheibriados.
Cheibriados was extremely pleased with you.
You were hungry.

You visited 4 branches of the dungeon, and saw 18 of its levels.
You also visited: Labyrinth and Volcano.

You collected 533 gold pieces.

Inventory:

Hand Weapons
 a - a +1 demon whip of flaming
 e - the +5 glaive "Sees" {drain, +Fly MR- Str+3 Dex+5}
   (You took it off a minotaur in a labyrinth)

   A truly terrible weapon, it drains the life of those it strikes.
   It affects your strength (+3).
   It affects your dexterity (+5).
   It affects your resistance to hostile enchantments.
   It lets you fly.
 j - a +1 flail of holy wrath
 k - a +0 long sword
 m - a +1 hunting sling of flaming
 w - a +6 dagger of venom
 F - a +0 longbow of flaming
 J - a +0 scimitar of draining
 O - a +1 flail of protection
Missiles
 g - 19 poisoned needles
 i - 17 stones
 o - 88 arrows
 N - 8 tomahawks (quivered)
 Q - 34 sling bullets
Armour
 t - the +2 helmet of Salvation (worn) {rElec rC- Int+6}
   (You found it on level 5 of the Dungeon)

   It affects your intelligence (+6).
   It makes you vulnerable to cold.
   It insulates you from electricity.
 y - a +2 leather armour of fire resistance (worn)
 E - a +1 chain mail of fire resistance
 L - the +5 scale mail "Holeuq" {Regen+ Str+2 Int-2}
   (You took it off a minotaur in a labyrinth)

   It affects your strength (+2).
   It affects your intelligence (-2).
   It increases your rate of regeneration.
 M - a scarf of resistance (worn)
 P - a +0 shield
Magical Staves
 s - an uncursed staff of power
 v - an uncursed staff of energy (weapon)
 R - an uncursed staff of cold
Jewellery
 h - an amulet of magic regeneration (around neck)
 H - a ring of positive energy (left hand)
Wands
 B - a wand of enslavement (5) {@v5}
 D - a wand of digging (12) {@v4}
 K - a wand of paralysis (15)
Scrolls
 f - 6 scrolls of teleportation {@r3}
 n - a scroll of fog {@r4}
 z - a scroll of blinking {@r4}
 C - 3 scrolls of remove curse {@r2}
 I - a scroll of magic mapping
Potions
 p - a potion of cancellation
 q - 2 potions of curing {@q1}
 A - a potion of mutation
 G - 2 potions of berserk rage
Books
 b - a book of Necromancy

   Spells                             Type                      Level
   a - Pain                           Necromancy                   1
   b - Animate Skeleton               Necromancy                   1
   c - Vampiric Draining              Necromancy                   3
   d - Regeneration                   Charms/Necromancy            3
   e - Animate Dead                   Necromancy                   4
   f - Borgnjor's Vile Clutch         Necromancy/Earth             5
 l - a book of Changes

   Spells                             Type                      Level
   a - Beastly Appendage              Transmutation                1
   b - Sticks to Snakes               Transmutation                2
   c - Spider Form                    Transmutation/Poison         3
   d - Ice Form                       Ice/Transmutation            4
   e - Blade Hands                    Transmutation                5
 u - a book of Beasts

   Spells                             Type                      Level
   a - Summon Butterflies             Summoning                    1
   b - Call Canine Familiar           Summoning                    3
   c - Summon Ice Beast               Ice/Summoning                4
   d - Summon Mana Viper              Hexes/Summoning              5
   e - Summon Hydra                   Summoning                    7
 S - the Volume of the Blistering Glacier
   (You found it in a labyrinth)

   Spells                             Type                      Level
   a - Freeze                         Ice                          1
   b - Ensorcelled Hibernation        Hexes/Ice                    2
   c - Ozocubu's Armour               Charms/Ice                   3
   d - Throw Icicle                   Conjuration/Ice              4
   e - Bolt of Fire                   Conjuration/Fire             6
 T - a book of Conjurations

   Spells                             Type                      Level
   a - Magic Dart                     Conjuration                  1
   b - Searing Ray                    Conjuration                  2
   c - Dazzling Spray                 Conjuration/Hexes            3
   d - Fulminant Prism                Conjuration/Hexes            4
   e - Force Lance                    Conjuration/Translocation    4
   f - Iskenderun's Mystic Blast      Conjuration                  4
Miscellaneous
 d - a phial of floods
Comestibles
 c - 7 rations
 x - a chunk of flesh


   Skills:
 + Level 8.0 Fighting
 + Level 8.0 Short Blades
 + Level 8.0 Long Blades
 + Level 8.0 Axes
 + Level 8.0 Maces & Flails
 + Level 8.0 Polearms
 + Level 8.0 Staves
 + Level 8.0 Slings
 + Level 8.0 Bows
 + Level 8.0 Crossbows
 + Level 8.0 Throwing
 + Level 8.0 Armour
 + Level 9.3 Dodging
 + Level 9.1 Stealth
 + Level 8.0 Shields
 + Level 8.0 Unarmed Combat
 + Level 9.5 Spellcasting
 + Level 6.7 Conjurations
 + Level 6.7 Hexes
 + Level 6.7 Charms
 + Level 6.7 Summonings
 + Level 9.8 Necromancy
 + Level 6.7 Translocations
 + Level 6.7 Transmutations
 + Level 6.7 Fire Magic
 + Level 6.7 Ice Magic
 + Level 6.7 Air Magic
 + Level 6.7 Earth Magic
 + Level 6.7 Poison Magic
 + Level 8.8 Invocations
 + Level 8.0 Evocations


You had 10 spell levels left.
You knew the following spells:

 Your Spells              Type           Power        Failure   Level  Hunger
a - Pain                  Necr           ####         1%          1    None
b - Sticks to Snakes      Tmut           ######..     1%          2    None
c - Borgnjor's Vile Clut  Necr/Erth      ######....   1%          5    None
d - Summon Mana Viper     Hex/Summ       ######..     3%          5    None
e - Ice Form              Ice/Tmut       ######..     1%          4    None
r - Regeneration          Chrm/Necr      ######....   1%          3    None
z - Animate Skeleton      Necr           N/A          1%          1    None


Dungeon Overview and Level Annotations

Branches:
Dungeon (10/15)            Temple (1/1) D:6            Lair (3/6) D:9
 Shoals (0/4) Lair:3        Snake (4/4) Lair:3
    Orc: D:9-12

Altars:
Cheibriados
Dithmenos
Kikubaaqudgha
Nemelex Xobeh
Okawaru
Ru
Vehumet
Yredelemnul

Shops:
Snake:3 %


Innate Abilities, Weirdness & Mutations

Your experience applies equally to all skills.
You have very sharp teeth.
Your uncanny sense of smell can sniff out nearby items.
You have sharp toenails.
Your mind is acute. (Int +2)
Armour fits poorly on your strangely shaped body.


Message History

You now have 9/147 hp.
Wield which item (- for none, * to show all)? (? for menu, Esc to quit)
Okay, then.
Unknown command.
You are too berserk!
You are too berserk!
You are too berserk!
You are too berserk!
Unknown command.
Here: a shock serpent (heavily wounded)
The floor.
You closely miss the shock serpent. You claw the shock serpent!
Your bite misses the shock serpent.
The zombie hands constrict the naga.
The zombie hands constrict the salamander! x2
You are feeling hungry.
The shock serpent shoots out a bolt of lightning at you!
The bolt of electricity hits you! You resist.
* * * LOW HITPOINT WARNING * * *
The salamander shoots an arrow.
The arrow hits you!
You die...

# .. .# .# .#
.########### . .#
...........### ...
.#
.............#....
.#
..........@S).....
.#
..........(.......
.#
#########.###)......
.####....####.#


NNN.... .#.##.#.Z.Z...# .N..S(. .#.##.#.Z###### ....S.) .#..........# .......
.#.##.#.....# ....... .#..#....#..# ....... You could see a salamander mystic, 2
salamanders, a shock serpent, a naga and 2 friendly mana vipers.

Vanquished Creatures
  A minotaur (Lab)
  A hydra (Lair:3)
  2 naga warriors
  3 anacondas
  A centaur warrior (D:9)
  2 two-headed ogres (D:9)
  3 shock serpents
  2 naga sharpshooters (Snake:3)
  A salamander mystic (Snake:4)
  2 lindwurms (Volcano)
  Pikel (D:8)
  2 salamanders (Snake:4)
  7 black mambas
  A molten gargoyle (Volcano)
  A naga mage (Snake:3)
  A spiny frog (Lair:2)
  A troll (D:10)
  2 hippogriffs
  7 yaks
  A wyvern (Lair:3)
  A spriggan (D:7)
  Menkaure (D:6)
  14 nagas
  8 water moccasins
  A porcupine (Lair:3)
  An orc warrior (D:9)
  3 sky beasts
  2 necrophages (D:8)
  A phantom (D:7)
  2 slaves (D:8)
  2 ice beasts (D:7)
  2 ogres
  2 centaurs
  6 crocodiles
  6 bullfrogs
  A big kobold (D:8)
  An earth elemental (Volcano)
  A scorpion (D:5)
  A killer bee (D:8)
  2 wights (D:9)
  2 electric eels (Lair:3)
  A howler monkey (D:8)
  A jelly (D:7)
  A quasit (D:7)
  A bullfrog zombie (D:8)
  2 hounds (D:9)
  4 orc priests
  Crazy Yiuf (D:7)
  2 orc wizards
  An iguana (D:5)
  2 worker ants
  A statue (D:4)
  3 hound zombies
  A gnoll (D:2)
  A howler monkey skeleton (D:9)
  9 adders
  2 shadow imps
  3 leopard geckos
  12 orcs
  A giant cockroach (D:3)
  2 goblins
  4 jackals (D:4)
  3 kobolds
  3 quokkas
  2 ball pythons
  A leopard gecko skeleton (D:7)
166 creatures vanquished.

Vanquished Creatures (collateral kills)
  2 naga warriors (Snake:3)
  2 anacondas (Snake:3)
  A naga sharpshooter (Snake:4)
  3 shock serpents
  2 salamanders (Snake:4)
  A toenail golem (Volcano)
  A naga mage (Snake:4)
  2 guardian serpents (Snake:3)
  5 yaks (Lair:3)
  5 nagas
  A porcupine (Lair:2)
  A crocodile (Lair:2)
  A bullfrog (Lair:3)
  3 earth elementals (Volcano)
  3 wights (D:9)
  A crimson imp (D:6)
  A jelly (D:10)
  An orc wizard (D:9)
  2 adders (D:6)
  3 orcs
  A goblin (D:3)
  A kobold (D:3)
  A quokka zombie (D:6)
  A fungus (Lair:2)
45 creatures vanquished.

Vanquished Creatures (others)
  An orc (D:8)
1 creature vanquished.

Grand Total: 212 creatures vanquished

Notes
Turn   | Place    | Note
-------+----------+-------------------------------------------
     0 | D:1      | Flooderbenga the Gnoll Necromancer began the quest for the Orb.
     0 | D:1      | Reached XP level 1. HP: 13/13 MP: 6/6
    64 | D:2      | Learned a level 1 spell: Animate Skeleton
   121 | D:2      | Reached XP level 2. HP: 15/20 MP: 3/7
   146 | D:3      | Reached XP level 3. HP: 17/25 MP: 2/9
   217 | D:3      | Reached skill level 5 in Spellcasting
   246 | D:3      | Reached skill level 1 in Invocations
   293 | D:3      | Learned a level 3 spell: Regeneration
   344 | D:5      | Entered Level 5 of the Dungeon
   373 | D:6      | Reached skill level 1 in Fighting
   373 | D:6      | Reached skill level 1 in Short Blades
   373 | D:6      | Reached skill level 1 in Long Blades
   373 | D:6      | Reached skill level 1 in Axes
   373 | D:6      | Reached skill level 1 in Maces & Flails
   373 | D:6      | Reached skill level 1 in Polearms
   373 | D:6      | Reached skill level 1 in Staves
   373 | D:6      | Reached skill level 1 in Slings
   373 | D:6      | Reached skill level 1 in Bows
   373 | D:6      | Reached skill level 1 in Crossbows
   373 | D:6      | Reached skill level 1 in Throwing
   373 | D:6      | Reached skill level 1 in Armour
   373 | D:6      | Reached skill level 1 in Shields
   373 | D:6      | Reached skill level 1 in Unarmed Combat
   373 | D:6      | Reached skill level 1 in Evocations
   373 | D:6      | Reached XP level 4. HP: 27/32 MP: 6/11
   378 | D:6      | Reached skill level 1 in Conjurations
   378 | D:6      | Reached skill level 1 in Hexes
   378 | D:6      | Reached skill level 1 in Charms
   378 | D:6      | Reached skill level 1 in Summonings
   378 | D:6      | Reached skill level 1 in Translocations
   378 | D:6      | Reached skill level 1 in Transmutations
   378 | D:6      | Reached skill level 1 in Fire Magic
   378 | D:6      | Reached skill level 1 in Ice Magic
   378 | D:6      | Reached skill level 1 in Air Magic
   378 | D:6      | Reached skill level 1 in Earth Magic
   378 | D:6      | Reached skill level 1 in Poison Magic
   397 | D:6      | Noticed a bullfrog
   403 | D:6      | Killed a bullfrog
   403 | D:6      | Reached XP level 5. HP: 23/37 MP: 9/12
   414 | D:6      | Learned a level 5 spell: Borgnjor's Vile Clutch
   471 | D:5      | Reached XP level 6. HP: 41/44 MP: 9/13
   565 | D:6      | Reached skill level 5 in Dodging
   611 | D:7      | Noticed a phantom
   794 | D:4      | Found a radiant altar of Vehumet.
   810 | D:4      | Noticed a black bear
   836 | D:4      | Learned a level 2 spell: Sticks to Snakes
  1031 | D:5      | Got an ichor-stained helmet
  1036 | D:5      | Reached XP level 7. HP: 46/50 MP: 10/15
  1042 | D:5      | Identified the +2 helmet of Salvation {rElec rC- Int+6} (You found it on level 5 of the Dungeon)
  1206 | D:7      | Found a runed door.
  1212 | D:7      | Noticed Crazy Yiuf
  1217 | D:7      | Killed Crazy Yiuf
  1307 | D:8      | Reached skill level 5 in Stealth
  1367 | D:7      | Reached XP level 8. HP: 49/57 MP: 13/16
  1473 | D:7      | Noticed a spriggan baker
  1475 | D:7      | Killed a spriggan baker
  1677 | D:7      | Found a sacrificial altar of Ru.
  1907 | D:6      | Noticed Menkaure
  1914 | D:6      | Killed Menkaure
  1953 | D:6      | Found a staircase to the Ecumenical Temple.
  1968 | Temple   | Entered the Ecumenical Temple
  2021 | Temple   | Became a worshipper of Cheibriados the Contemplative
  2117 | D:8      | Reached XP level 9. HP: 65/65 MP: 18/18
  2147 | D:8      | Learned a level 5 spell: Summon Mana Viper
  2159 | D:8      | Noticed Pikel
  2163 | D:8      | Killed Pikel
  2198 | D:9      | Noticed a two-headed ogre
  2207 | D:9      | Killed a two-headed ogre
  2207 | D:9      | Reached skill level 5 in Invocations
  2233 | D:9      | Noticed a centaur warrior
  2234 | D:9      | Noticed a two-headed ogre
  2237 | D:9      | Killed a centaur warrior
  2237 | D:9      | Reached XP level 10. HP: 57/73 MP: 10/20
  2241 | D:9      | Killed a two-headed ogre
  2241 | D:9      | Reached skill level 5 in Fighting
  2241 | D:9      | Reached skill level 5 in Short Blades
  2241 | D:9      | Reached skill level 5 in Long Blades
  2241 | D:9      | Reached skill level 5 in Axes
  2241 | D:9      | Reached skill level 5 in Maces & Flails
  2241 | D:9      | Reached skill level 5 in Polearms
  2241 | D:9      | Reached skill level 5 in Staves
  2241 | D:9      | Reached skill level 5 in Slings
  2241 | D:9      | Reached skill level 5 in Bows
  2241 | D:9      | Reached skill level 5 in Crossbows
  2241 | D:9      | Reached skill level 5 in Throwing
  2241 | D:9      | Reached skill level 5 in Armour
  2241 | D:9      | Reached skill level 5 in Shields
  2241 | D:9      | Reached skill level 5 in Unarmed Combat
  2241 | D:9      | Reached skill level 5 in Evocations
  2285 | D:9      | Reached * piety under Cheibriados
  2304 | D:10     | Entered Level 10 of the Dungeon
  2319 | D:10     | Noticed a two-headed ogre
  2320 | D:10     | Noticed a brown ugly thing
  2397 | D:9      | Found a staircase to the Lair.
  2446 | D:9      | Learned a level 4 spell: Ice Form
  2472 | Lair:1   | Entered Level 1 of the Lair of Beasts
  2500 | Lair:2   | Reached XP level 11. HP: 74/81 MP: 15/22
  2508 | Lair:2   | Reached ** piety under Cheibriados
  2632 | Lair:2   | Found a dark tunnel.
  2638 | Volcano  | Entered a volcano
  2667 | Volcano  | Noticed a lindwurm
  2667 | Volcano  | Noticed a lindwurm
  2691 | Volcano  | Killed a lindwurm
  2691 | Volcano  | Reached skill level 5 in Conjurations
  2691 | Volcano  | Reached skill level 5 in Hexes
  2691 | Volcano  | Reached skill level 5 in Charms
  2691 | Volcano  | Reached skill level 5 in Summonings
  2691 | Volcano  | Reached skill level 5 in Translocations
  2691 | Volcano  | Reached skill level 5 in Transmutations
  2691 | Volcano  | Reached skill level 5 in Fire Magic
  2691 | Volcano  | Reached skill level 5 in Ice Magic
  2691 | Volcano  | Reached skill level 5 in Air Magic
  2691 | Volcano  | Reached skill level 5 in Earth Magic
  2691 | Volcano  | Reached skill level 5 in Poison Magic
  2691 | Volcano  | Killed a lindwurm
  2796 | Lair:3   | Found a labyrinth entrance.
  2811 | Lab      | Entered a labyrinth
  3385 | Lab      | Noticed a minotaur
  3393 | Lab      | Killed a minotaur
  3404 | Lab      | Got a smoking glaive {drain}
  3404 | Lab      | Got a dazzling scale mail
  3409 | Lab      | Identified the Volume of the Blistering Glacier
  3430 | Lair:3   | Identified the +5 glaive "Sees" {drain, +Fly MR- Str+3 Dex+5} (You took it off a minotaur in a labyrinth)
  3448 | Lair:3   | Noticed a five-headed hydra
  3455 | Lair:3   | Killed a seven-headed hydra
  3528 | Lair:3   | Found a staircase to the Shoals.
  3553 | Lair:3   | Reached *** piety under Cheibriados
  3579 | Lair:3   | Found a staircase to the Snake Pit.
  3594 | Snake:1  | Entered Level 1 of the Snake Pit
  3668 | Snake:1  | Identified the +5 scale mail "Holeuq" {Regen+ Str+2 Int-2} (You took it off a minotaur in a labyrinth)
  3780 | Snake:2  | Noticed an anaconda
  3792 | Snake:2  | Killed an anaconda
  3792 | Snake:2  | Reached XP level 12. HP: 12/89 MP: 10/24
  3828 | Snake:2  | Noticed a shock serpent
  3833 | Snake:2  | Killed a shock serpent
  3906 | Snake:3  | Noticed a naga sharpshooter
  3939 | Snake:3  | Noticed a naga sharpshooter
  3939 | Snake:3  | Noticed a naga sharpshooter
  3964 | Snake:3  | Noticed a shock serpent
  3967 | Snake:3  | HP: 2/89 [shock serpent/bolt of electricity (6)]
  3968 | Snake:3  | Killed a shock serpent
  3983 | Snake:3  | Noticed a naga warrior
  4004 | Snake:3  | Noticed an anaconda
  4010 | Snake:3  | Killed an anaconda
  4019 | Snake:3  | Noticed an anaconda
  4026 | Snake:3  | Killed an anaconda
  4049 | Snake:3  | Noticed a naga warrior
  4058 | Snake:3  | Killed a naga sharpshooter
  4059 | Snake:3  | Killed a naga warrior
  4059 | Snake:3  | Reached **** piety under Cheibriados
  4073 | Snake:3  | Found Jaraerr's Food Boutique.
  4083 | Snake:3  | Noticed a naga warrior
  4086 | Snake:3  | Noticed a naga warrior
  4093 | Snake:3  | Killed a naga warrior
  4118 | Snake:3  | Killed a naga sharpshooter
  4120 | Snake:3  | Noticed an anaconda
  4126 | Snake:3  | Killed an anaconda
  4131 | Snake:3  | Killed a naga warrior
  4160 | Snake:4  | Entered Level 4 of the Snake Pit
  4182 | Snake:4  | Noticed a naga warrior
  4190 | Snake:4  | Killed a naga warrior
  4201 | Snake:3  | Noticed an anaconda
  4203 | Snake:3  | Noticed an anaconda
  4209 | Snake:3  | Killed an anaconda
  4209 | Snake:3  | Reached XP level 13. HP: 45/98 MP: 18/26
  4319 | Snake:4  | Reached ***** piety under Cheibriados
  4406 | Snake:4  | Gained mutation: Your mind is acute. (Int +2) [potion of mutation]
  4406 | Snake:4  | Gained mutation: Armour fits poorly on your strangely shaped body. [potion of mutation]
  4406 | Snake:4  | Gained mutation: You have sharp toenails. [potion of mutation]
  4409 | Snake:4  | HP: 4/147 [shock serpent/bolt of electricity (6)]
  4409 | Snake:4  | Shot with an arrow by a salamander

Skill      XL: |  1  2  3  4  5  6  7  8  9 10 11 12 13 |
---------------+----------------------------------------+-----
Spellcasting   | 5 6 7 8 9 |  9.5
Invocations    | 1 2 3 4 5 6 7 8 |  8.8
Fighting       | 1 2 3 4 5 6 7 8 |  8.0
Short Blades   | 1 2 3 4 5 6 7 8 |  8.0
Long Blades    | 1 2 3 4 5 6 7 8 |  8.0
Axes           | 1 2 3 4 5 6 7 8 |  8.0
Maces & Flails | 1 2 3 4 5 6 7 8 |  8.0
Polearms       | 1 2 3 4 5 6 7 8 |  8.0
Staves         | 1 2 3 4 5 6 7 8 |  8.0
Slings         | 1 2 3 4 5 6 7 8 |  8.0
Bows           | 1 2 3 4 5 6 7 8 |  8.0
Crossbows      | 1 2 3 4 5 6 7 8 |  8.0
Throwing       | 1 2 3 4 5 6 7 8 |  8.0
Armour         | 1 2 3 4 5 6 7 8 |  8.0
Shields        | 1 2 3 4 5 6 7 8 |  8.0
Unarmed Combat | 1 2 3 4 5 6 7 8 |  8.0
Evocations     | 1 2 3 4 5 6 7 8 |  8.0
Conjurations   | 1 2 3 4 5 6 |  6.7
Hexes          | 1 2 3 4 5 6 |  6.7
Charms         | 1 2 3 4 5 6 |  6.7
Summonings     | 1 2 3 4 5 6 |  6.7
Translocations | 1 2 3 4 5 6 |  6.7
Transmutations | 1 2 3 4 5 6 |  6.7
Fire Magic     | 1 2 3 4 5 6 |  6.7
Ice Magic      | 1 2 3 4 5 6 |  6.7
Air Magic      | 1 2 3 4 5 6 |  6.7
Earth Magic    | 1 2 3 4 5 6 |  6.7
Poison Magic   | 1 2 3 4 5 6 |  6.7
Dodging        | 5 6 7 8 9 |  9.3
Stealth        | 5 6 7 8 9 |  9.1
Necromancy     | 8 9 |  9.8

Action                   |  1- 3 |  4- 6 |  7- 9 | 10-12 | 13-15 || total
-------------------------+-------+-------+-------+-------+-------++-------
Melee: Whip              |     1 |       |    12 |    40 |       ||    53
       Dagger            |       |     2 |    13 |    14 |       ||    29
       Flail             |       |    11 |    25 |     4 |       ||    40
       Long sword        |       |     6 |    11 |    26 |       ||    43
       Quarterstaff      |       |       |    21 |       |       ||    21
       Bite              |       |       |     7 |    21 |       ||    28
       Punch             |       |       |     1 |     3 |       ||     4
       Unarmed           |       |       |       |    23 |     5 ||    28
       Glaive            |       |       |       |    23 |     8 ||    31
       Demon whip        |       |       |       |     9 |       ||     9
       Staff             |       |       |       |       |     1 ||     1
       Kick              |       |       |       |       |     1 ||     1
Throw: Tomahawk          |       |       |     1 |       |       ||     1
 Cast: Pain              |    26 |    34 |    16 |    10 |     1 ||    87
       Animate Skeleton  |     3 |     4 |    10 |    17 |     6 ||    40
       Regeneration      |     1 |     5 |     4 |    17 |     9 ||    36
       Borgnjor's Vile C |       |     3 |    12 |    41 |     8 ||    64
       Sticks to Snakes  |       |       |     3 |     7 |     1 ||    11
       Summon Mana Viper |       |       |       |    24 |    10 ||    34
       Ice Form          |       |       |       |     6 |     1 ||     7
Invok: Slouch            |       |       |       |     1 |       ||     1
 Abil: End Transformatio |       |       |       |     2 |     1 ||     3
Evoke: Wand              |       |       |       |     3 |       ||     3
       Staff of energy   |       |       |       |     9 |     7 ||    16
  Use: Scroll            |     2 |     4 |     1 |     7 |     1 ||    15
       Potion            |       |     1 |       |       |     2 ||     3
 Stab: Sleeping          |       |     1 |     8 |     4 |       ||    13
       Distracted        |       |       |       |     1 |       ||     1
  Eat: Ration            |       |     1 |       |     2 |       ||     3
       Chunk             |       |       |     7 |     9 |     1 ||    17
Armor: Robe              |       |     5 |    20 |    24 |       ||    49
       Leather armour    |       |       |       |     3 |     4 ||     7
       Skin              |       |       |       |       |     2 ||     2
Dodge: Dodged            |     2 |    21 |    72 |   124 |    15 ||   234
       Rpst.: Long sword |       |     3 |     3 |     6 |       ||    12
